 Dungeon Crawl Stone Soup version 0.27-a0-1101-ge311f74bc8 (webtiles) character file.

Game seed: 6584126433325308932

165 Mgcat the Insei (level 5, -5/39 HPs)
             Began as a Djinni Transmuter on Apr 28, 2021.
             Slain by Duvessa
             ... wielding a +0 short sword
              (10 damage)
             ... on level 4 of the Dungeon.
             The game lasted 00:06:13 (4096 turns).

Mgcat the Insei (Djinni Transmuter)                 Turns: 4096, Time: 00:06:13

Health: -5/39      AC:  2    Str: 10    XL:     5   Next: 46%
Gold:   103        EV: 19    Int: 20    God:
                   SH:  0    Dex: 19

rFire    . . .     SeeInvis +     - Unarmed
rCold    . . .     Faith    .   (shield currently unavailable)
rNeg     . . .     Spirit   .   (armour currently unavailable)
rPois    ∞         Reflect  .   (helmet currently unavailable)
rElec    .         Harm     .   (cloak currently unavailable)
rCorr    .         Rampage  .   (gloves currently unavailable)
Will     .....                  (boots unavailable)
Stlth    ++........             (no amulet)
HPRegen  0.13/turn              k - +6 ring of intelligence
MPRegen  0.00/turn              j - ring of see invisible {sInv, !d}

@: spider-form (expiring), flying
A: venomous fangs, flying, tiny, (fire resistance 2), (cold vulnerability 1),
float, innate caster, hp casting, extra vitality 1
a: End Transformation


You were on level 4 of the Dungeon.
You were a venomous arachnid creature.
You visited 1 branch of the dungeon, and saw 4 of its levels.

You collected 103 gold pieces.

Inventory:

Hand Weapons
 i - a +4 vorpal mace (melded)
   (You found it on level 2 of the Dungeon)
Armour
 a - a +0 robe (melded)
 d - a +0 cloak (melded)
   (You found it on level 1 of the Dungeon)
 o - a +0 helmet (melded)
   (You found it on level 3 of the Dungeon)
Jewellery
 j - a ring of see invisible (right front leg) {sInv, !d}
   (You took it off a goblin on level 2 of the Dungeon)
 k - a +6 ring of intelligence (left front leg)
   (You found it on level 2 of the Dungeon)
 l - a ring of protection from fire {rF+, !d}
   (You took it off a kobold on level 2 of the Dungeon)
Wands
 h - a wand of iceblast (7)
   (You found it on level 2 of the Dungeon)
 r - a wand of mindburst (20)
   (You found it on level 4 of the Dungeon)
Scrolls
 c - 4 scrolls of identify {unknown}
 e - a scroll of blinking {unknown}
 f - a scroll of immolation {unknown}
 m - a scroll of torment {unknown}
 p - a scroll of fear {unknown}
 s - a scroll of teleportation {unknown}
Potions
 b - 3 potions of might {unknown}
 g - 3 potions of heal wounds {unknown}
 n - 4 potions of curing {unknown}
 q - a potion of flight {unknown}
 t - a potion of degeneration {unknown}


   Skills:
 + Level 2.5 Fighting
 - Level 2.1 Dodging
 + Level 4.0 Unarmed Combat
 * Level 3.4 Spellcasting


You couldn't memorise any spells.
You knew the following spells:

 Your Spells              Type           Power      Damage    Failure   Level
a - Spider Form           Tmut/Pois      8%         N/A       24%         3
b - Poisonous Vapours     Pois/Air       34%        N/A       14%         2
c - Wereblood             Tmut           17%        N/A       14%         2
d - Ice Form              Ice/Tmut       17%        N/A       54%         4
e - Hydra Form            Tmut           8%         N/A       83%         5
f - Animate Skeleton      Necr           34%        N/A       11%         1
g - Beastly Appendage     Tmut           34%        N/A       11%         1
Your spell library was empty.

Dungeon Overview and Level Annotations

Branches:
Dungeon (4/15)
 Temple: D:4-7

Altars:
Wu Jian

Annotations:
D:2 1 runed translucent door, Crazy Yiuf
D:4 Dowan, Duvessa


Innate Abilities, Weirdness & Mutations

You are a venomous arachnid creature.
You have poisonous fangs.
You are tiny and dextrous.
You are flying.
Your spellcasting is less reliable in this form.
Your armour is entirely melded.
You are incapable of wielding weapons or throwing items.
You are immune to poison.
((Your flesh is very heat resistant. (rF++)))
((You are vulnerable to cold. (rC-)))
You float through the air rather than walking.
You learn spells naturally, not from books.
Your magical power is your life essence.
You have superior vitality. (+4 HP)


Message History

Unknown command.
Unknown command.
Unknown command.
Things that are here:
a +0 spear; a gnoll corpse
Things that are here:
a +0 club; a +0 spear
Found a stone staircase leading up.
p - a scroll labelled BEF SIKUZXOTOGHE
There is a stone staircase leading up here.
A quokka comes into view.
You hit the quokka.
The quokka is severely wounded.
The quokka closely misses you.
You thump the quokka!
You kill the quokka!
No target in view!
You see here a quokka corpse.
A kobold comes into view.
It is wielding a +0 club and quivering poisoned darts.
The kobold shouts!
The kobold throws a poisoned dart.
The poisoned dart barely misses you. The kobold barely misses you.
You hit the kobold.
You kill the kobold!
No target in view!
No target in view!
Things that are here:
a +0 club; 8 poisoned darts
q - a bubbling orange potion
r - a wand of mindburst (20)
s - a scroll labelled YRIFRA DENIF
b - 3 yellow potions (gained 1)
You now have 103 gold pieces (gained 15).
c - 3 scrolls labelled FIAFUR HAUTOWUST (gained 1)
An endoplasm comes into view.
An endoplasm is nearby!
The endoplasm quivers.
You hit the endoplasm.
You kill the endoplasm!
Your Unarmed Combat skill increases to level 4!
No target in view!
No target in view!
c - 4 scrolls labelled FIAFUR HAUTOWUST (gained 1)
Found a stone staircase leading down.
t - a dark potion Duvessa and Dowan come into view.
Duvessa is wielding a +0 short sword and wearing a +2 leather armour of poison resistance.
Dowan is wielding a +2 dagger of electrocution and wearing a +2 robe of cold resistance.
Dowan shouts!
Dowan points at you and mumbles some strange words.
The puff of flame hits you. You resist.
You take 2 damage, and have 37/39 hp.
Warning x2: Duvessa can hit for moderate damage in melee, and goes Berserk when Dowan dies!
Dowan can Haste Duvessa, and will become Hasted and cast Throw Icicle when Duvessa dies!
Unknown command.
Warning x2: Duvessa can hit for moderate damage in melee, and goes Berserk when Dowan dies!
Dowan can Haste Duvessa, and will become Hasted and cast Throw Icicle when Duvessa dies!
Unknown command.
Warning x2: Duvessa can hit for moderate damage in melee, and goes Berserk when Dowan dies!
Dowan can Haste Duvessa, and will become Hasted and cast Throw Icicle when Duvessa dies!
Unknown command.
Warning x2: Duvessa can hit for moderate damage in melee, and goes Berserk when Dowan dies!
Dowan can Haste Duvessa, and will become Hasted and cast Throw Icicle when Duvessa dies!
Casting: Spider Form (dangerous; 10% risk of failure)
Confirm with . or Enter, or press ? or * to list all spells.
You turn into a venomous arachnid creature.
Your +4 vorpal mace melds into your body.
Your +0 cloak melds into your body.
Your +0 helmet melds into your body.
Your +0 robe melds into your body.
You take 3 damage, and have 34/39 hp.
Warning x2: Dowan can Haste Duvessa, and will become Hasted and cast Throw Icicle when Duvessa dies!
Duvessa can hit for moderate damage in melee, and goes Berserk when Dowan dies!
Duvessa says, "My weaknesses are his strengths!"
You see here 10 gold pieces.
Warning x2: Dowan can Haste Duvessa, and will become Hasted and cast Throw Icicle when Duvessa dies!
Duvessa can hit for moderate damage in melee, and goes Berserk when Dowan dies!
Duvessa hits you with a +0 short sword.
You see here a +0 hand axe.
You take 6 damage, and have 28/39 hp.
Warning x2: Dowan can Haste Duvessa, and will become Hasted and cast Throw Icicle when Duvessa dies!
Duvessa can hit for moderate damage in melee, and goes Berserk when Dowan dies!
You hit Duvessa but do no damage.
Your transformation is almost over.
Duvessa barely misses you.
Warning x2: Dowan can Haste Duvessa, and will become Hasted and cast Throw Icicle when Duvessa dies!
Duvessa can hit for moderate damage in melee, and goes Berserk when Dowan dies!
You hit Duvessa but do no damage. Duvessa completely misses you.
Warning x2: Dowan can Haste Duvessa, and will become Hasted and cast Throw Icicle when Duvessa dies!
Duvessa can hit for moderate damage in melee, and goes Berserk when Dowan dies!
Unknown command.
Warning x2: Dowan can Haste Duvessa, and will become Hasted and cast Throw Icicle when Duvessa dies!
Duvessa can hit for moderate damage in melee, and goes Berserk when Dowan dies!
You barely miss Duvessa. Duvessa closely misses you.
Warning x2: Dowan can Haste Duvessa, and will become Hasted and cast Throw Icicle when Duvessa dies!
Duvessa can hit for moderate damage in melee, and goes Berserk when Dowan dies!
You hit Duvessa but do no damage. Duvessa completely misses you.
Dowan gestures at Duvessa while chanting.
Duvessa seems to speed up.
Warning x2: Dowan can Haste Duvessa, and will become Hasted and cast Throw Icicle when Duvessa dies!
Duvessa (fast) can hit for moderate damage in melee, and goes Berserk when Dowan dies!
You barely miss Duvessa. Duvessa hits you with a +0 short sword!
You take 10 damage, and have 19/39 hp.
MASSIVE DAMAGE!!
Warning x2: Dowan can Haste Duvessa, and will become Hasted and cast Throw Icicle when Duvessa dies!
Duvessa (fast) can hit for moderate damage in melee, and goes Berserk when Dowan dies!
You hit Duvessa.
Duvessa is poisoned.
Duvessa is lightly wounded.
Duvessa hits you with a +0 short sword! x2
* * * LOW HITPOINT WARNING * * *
You take 14 damage, and have 5/39 hp.
MASSIVE DAMAGE!!
Warning x2: Dowan can Haste Duvessa, and will become Hasted and cast Throw Icicle when Duvessa dies!
Duvessa (fast, very poisoned) can hit for moderate damage in melee, and goes Berserk when Dowan dies!
You see here 10 gold pieces.
Warning x2: Dowan can Haste Duvessa, and will become Hasted and cast Throw Icicle when Duvessa dies!
Duvessa (fast, very poisoned) can hit for moderate damage in melee, and goes Berserk when Dowan dies!
Duvessa hits you with a +0 short sword!
You die...

.....
.....
...
...
#.#
#e#
#)#
#e#
#s#
#.#
#.#
#.#
#.#
#.#
##.#
#..#
#.##


You could see Duvessa (fast, very poisoned) and Dowan.

Vanquished Creatures
  Jessica (D:2)
  4 gnolls (D:4)
  3 adders
  3 dart slugs
  7 ball pythons
  4 bats
  8 endoplasms
  4 giant cockroaches
  2 hobgoblins
  4 jackals (D:3)
  6 quokkas
  5 frilled lizards
  6 goblins
  5 kobolds
  3 rats
65 creatures vanquished.

Notes
Turn   | Place    | Note
-------+----------+-------------------------------------------
     0 | D:1      | Mgcat the Djinni Transmuter began the quest for the Orb.
     0 | D:1      | Reached XP level 1. HP: 17/17 MP: 0/0
   115 | D:1      | Reached skill level 2 in Spellcasting
   267 | D:1      | Reached XP level 2. HP: 13/22 MP: 0/0
   427 | D:1      | HP: 4/22 [hobgoblin (3)]
   429 | D:1      | HP: 1/22 [hobgoblin (3)]
  1447 | D:1      | Found a faded altar of an unknown god.
  1493 | D:2      | Found an ornate altar of the Wu Jian Council.
  1498 | D:2      | Noticed Jessica
  2387 | D:2      | Reached XP level 3. HP: 8/27 MP: 0/0
  2387 | D:2      | Learned a level 1 spell: Animate Skeleton
  2616 | D:2      | Found a runed translucent door.
  2617 | D:2      | Noticed Crazy Yiuf
  2890 | D:2      | Reached XP level 4. HP: 33/33 MP: 0/0
  3150 | D:2      | Killed Jessica
  3151 | D:2      | Reached skill level 2 in Fighting
  3151 | D:2      | Reached skill level 3 in Spellcasting
  3560 | D:3      | Reached XP level 5. HP: 34/38 MP: 0/0
  3560 | D:3      | Learned a level 2 spell: Poisonous Vapours
  4017 | D:4      | Reached skill level 4 in Unarmed Combat
  4084 | D:4      | Noticed Duvessa
  4084 | D:4      | Noticed Dowan
  4094 | D:4      | HP: 5/39 [Duvessa/+0 short sword (7)]
  4096 | D:4      | Slain by Duvessa

Illustrated notes

Levels and vault maps discovered:
D:1:      minmay_arrival_stone_box, layout_basic,
          shapermc_ecumenical_altar_mp_vishouse
D:2:      layout_basic, basic_altar, minmay_pentomino_v2, uniq_jessica,
          uniq_crazy_yiuf_cottage
D:3:      layout_rooms
D:4:      layout_loops_ring, uniq_menkaure, uniq_duvessa

Skill      XL: |  1  2  3  4  5 |
---------------+----------------+-----
Spellcasting   | 2 3 |  3.4
Fighting       | 2 |  2.5
Unarmed Combat | 4 |  4.0
Dodging        | |  2.1

Action                   |  1- 3 |  4- 6 || total
-------------------------+-------+-------++-------
Melee: Unarmed           |    93 |    17 ||   110
       Headbutt          |     9 |     1 ||    10
       Punch             |     2 |     1 ||     3
       Mace              |    20 |    50 ||    70
 Cast: Beastly Appendage |    14 |     2 ||    16
       Wereblood         |       |     2 ||     2
       Spider Form       |       |     3 ||     3
       Poisonous Vapours |       |     3 ||     3
 Stab: Sleeping          |       |     1 ||     1
Armor: Robe              |    26 |     8 ||    34
Dodge: Dodged            |   111 |    54 ||   165

Table legend: (Time is in decaauts)
 A = Elapsed time spent in this place.
 B = Non-inter-level travel time spent in this place.
 C = Inter-level travel time spent in this place.
 D = Time resting spent in this place.
 E = Time spent auto-exploring this place.
 F = Levels seen in this place.
 G = Mean time per level.
                   A        B        C        D        E       F      G
               +--------+--------+--------+--------+--------+-----+--------+
         Total |   4123 |   4045 |     78 |   1965 |   1587 |   4 | 1030.8 |
       Dungeon |   4123 |   4045 |     78 |   1965 |   1587 |   4 | 1030.8 |
               +--------+--------+--------+--------+--------+-----+--------+

Top non-repeatable levels by time:
     D:1: 2216 daAuts
     D:2: 998 daAuts
     D:3: 496 daAuts
     D:4: 412 daAuts

Table legend:
 A = Kills in this place as a percentage of kills in entire the game.
 B = Kills by you in this place as a percentage of kills by you in the entire game.
 C = Kills by friends in this place as a percentage of kills by friends in the entire game.
 D = Other kills in this place as a percentage of other kills in the entire game.
 E = Experience gained in this place as a percentage of experience gained in the entire game.
 F = Experience gained in this place divided by the number of levels of this place that you have seen.
                   A       B       C       D       E      F
               +-------+-------+-------+-------+-------+----------------------
         Total | 100.0 | 100.0 |   N/A |   N/A | 100.0 |  59.0
       Dungeon | 100.0 | 100.0 |   N/A |   N/A | 100.0 |  59.0
               +-------+-------+-------+-------+-------+----------------------
